 Dungeon Crawl Stone Soup version 0.23.1-37-gaa34b87 (webtiles) character file.

Game seed: 0

478752 Zogzag the Metallomancer (level 26, -5/148 HPs)
             Began as a Human Earth Elementalist on Mar 17, 2019.
             Was a High Priest of Vehumet.
             Slain by a storm dragon (6 damage)
             ... on level 5 of the Vaults on Mar 22, 2019.
             The game lasted 07:36:40 (70869 turns).

Zogzag the Metallomancer (HuEE)                    Turns: 70869, Time: 07:36:42

Health: -5/148     AC: 18    Str: 11    XL:     26   Next: 6%
Magic:  49/55      EV: 11    Int: 42    God:    Vehumet [*****.]
Gold:   1899       SH:  7    Dex: 15    Spells: 10/73 levels left

rFire    + . .     SeeInvis .   b - staff of earth
rCold    + + .     Gourm    .   j - +2 buckler of the Gastropod {rC+ Int+2 Stlth+}
rNeg     . . .     Faith    .   M - +5 ring mail of Fedhas's Pride {Int+8}
rPois    .         Spirit   .   I - +2 helmet {Int+3}
rElec    +         Reflect  .   S - +2 cloak {+Inv}
rCorr    .         Harm     .   k - +0 pair of gloves
MR       +....     Rnd*Rage +   D - +0 pair of boots of the Planets {rElec}
Stlth    ++++......             V - amulet "Ureishiwn" {+Rage rF+ Str+3 Int+4}
HPRegen  0.34/turn              G - ring of wizardry
MPRegen  0.34/turn              o - ring "Boifaug" {rC+ MP+9 Int+2}

@: lethally poisoned (-5 -> -29), corroded
A: berserk 1, blurry vision 1, dopey 1, frail 2, low mp 1, weak 1
}: 2/15 runes: decaying, gossamer
a: Renounce Religion, Evoke Berserk Rage, Evoke Invisibility


You were on level 5 of the Vaults.
You worshipped Vehumet.
Vehumet was extremely pleased with you.
You were hungry.

You visited 10 branches of the dungeon, and saw 46 of its levels.
You visited 2 bazaars.
You also visited: Trove, Sewer, Ossuary, Ice Cave, Volcano and Desolation.

You collected 5616 gold pieces.
You spent 3717 gold pieces at shops.

Inventory:

Hand Weapons
 a - the +8 lance "Wyrmbane" {slay drac, rPois rF+ rC+ AC+3}
   (You took it off a necromancer in an ice cave)

   It affects your AC (+3).
   It protects you from fire.
   It protects you from cold.
   It protects you from poison.
 F - the +8 quick blade of Yciorec {venom, *Rage MR+++ MP+9 Int-4}
   (You found it in a treasure trove)

   It poisons the flesh of those it strikes.
   It affects your intelligence (-4).
   It affects your resistance to hostile enchantments.
   It affects your magic capacity (+9).
   It may make you go berserk in combat.
Missiles
 U - 353 stones (quivered)
Armour
 j - the +2 buckler of the Gastropod (worn) {rC+ Int+2 Stlth+}
   (You bought it in a shop in a bazaar)

   It affects your intelligence (+2).
   It protects you from cold.
   It makes you more stealthy.
 k - a +0 pair of gloves (worn)
 D - the +0 pair of boots of the Planets (worn) {rElec}
   (You found it on level 14 of the Dungeon)

   It insulates you from electricity.
 I - a +2 helmet of intelligence (worn)
 L - the +0 ring mail of the Ecumenical Temple {rPois rF+ rC+}
   (You bought it in a shop in a bazaar)

   It protects you from fire.
   It protects you from cold.
   It protects you from poison.
 M - the +5 ring mail of Fedhas's Pride (worn) {Int+8}
   (You found it in an ice cave)

   It affects your intelligence (+8).
 S - a +2 cloak of invisibility (worn)
Magical Staves
 b - an uncursed staff of earth (weapon)
Jewellery
 i - the ring "Vyll" {rPois rN+}
   (You took it off a deep elf mage on level 3 of the Vaults)

   [ring of poison resistance]

   It protects you from poison.
   It protects you from negative energy.
 o - the ring "Boifaug" (right hand) {rC+ MP+9 Int+2}
   (You bought it in a shop on level 1 of the Elven Halls)

   [ring of intelligence]

   It affects your intelligence (+2).
   It protects you from cold.
   It affects your magic capacity (+9).
 x - an uncursed ring of resist corrosion
 y - an uncursed ring of protection from magic
 G - a ring of wizardry (left hand)
 H - an uncursed ring of positive energy
 V - the amulet "Ureishiwn" (around neck) {+Rage rF+ Str+3 Int+4}
   (You took it off an imperial myrmidon in the Desolation of Salt)

   [amulet of rage]

   It affects your strength (+3).
   It affects your intelligence (+4).
   It protects you from fire.
   It lets you go berserk.
Wands
 t - a wand of disintegration (86)
 v - a wand of digging (15)
 w - a wand of acid (16)
 A - a wand of paralysis (12)
 K - a wand of iceblast (27)
Scrolls
 l - 10 scrolls of remove curse
 m - 8 scrolls of identify
 n - 4 scrolls of vulnerability
 s - 4 scrolls of enchant armour
 u - 4 scrolls of enchant weapon
 z - 12 scrolls of teleportation
 N - 2 scrolls of fear
 P - 6 scrolls of blinking
 R - 4 scrolls of fog
 X - 3 scrolls of magic mapping
 Z - a scroll of summoning
Potions
 c - 8 potions of ambrosia
 e - 4 potions of heal wounds
 f - a potion of invisibility
 g - 4 potions of agility
 h - 7 potions of berserk rage
 p - 9 potions of flight
 q - 9 potions of curing
 r - 8 potions of haste
 B - 6 potions of resistance
 C - 9 potions of brilliance
 E - 7 potions of might
 J - 4 potions of magic
 O - 4 potions of cancellation
Comestibles
 d - 67 rations


   Skills:
 - Level 10.6 Fighting
 - Level 1.0 Short Blades
 - Level 10.0 Armour
 - Level 2.0 Dodging
 - Level 7.0 Stealth
 - Level 4.0 Shields
 * Level 24.1 Spellcasting
 - Level 8.5 Conjurations
 - Level 7.0 Hexes
 - Level 2.0 Summonings
 - Level 1.0 Transmutations
 - Level 7.0 Ice Magic
 * Level 24.5 Earth Magic
 - Level 8.0 Evocations


You had 10 spell levels left.
You knew the following spells:

 Your Spells              Type           Power        Failure   Level  Hunger
a - Sandblast             Erth           ######       0%          1    None
b - Stone Arrow           Conj/Erth      ######       0%          3    None
c - Petrify               Tmut/Erth      ########     1%          4    None
d - Lee's Rapid Deconstr  Erth           #########.   0%          5    None
e - Passwall              Tmut/Erth      ########     0%          2    None
f - Freeze                Ice            ####         1%          1    None
g - Ozocubu's Armour      Chrm/Ice       ######..     1%          3    None
h - Summon Ice Beast      Ice/Summ       ######..     1%          4    None
i - Cause Fear            Hex            #######...   1%          4    None
j - Iron Shot             Conj/Erth      ########..   1%          6    None
k - Shatter               Erth           #########.   1%          9    None
l - Bolt of Magma         Conj/Fire/Erth ########..   1%          5    None
m - Swiftness             Chrm/Air       ######..     1%          2    None
n - Lehudib's Crystal Sp  Conj/Erth      ########..   1%          8    None
o - Statue Form           Tmut/Erth      ########.    1%          6    None

Your spell library contained the following spells:

 Spells                   Type           Power        Failure   Level  Hunger
 Chain Lightning          Conj/Air       ######....   56%         8    None
 Tornado                  Air            ######....   100%        9    None
 Leda's Liquefaction      Hex/Erth       ########..   0%          4    None
 Animate Skeleton         Necr           N/A          1%          1    None
 Corona                   Hex            #######      1%          1    None
 Pain                     Necr           ####         1%          1    None
 Sting                    Conj/Pois      ####         1%          1    None
 Summon Small Mammal      Summ           ####         1%          1    None
 Blink                    Tloc           N/A          1%          2    None
 Call Imp                 Summ           ######..     1%          2    None
 Corpse Rot               Necr           N/A          1%          2    None
 Poisonous Vapours        Pois/Air       ######       1%          2    None
 Shroud of Golubria       Chrm/Tloc      ######....   1%          2    None
 Slow                     Hex            #######.     1%          2    None
 Sublimation of Blood     Necr           ######....   1%          2    None
 Throw Frost              Conj/Ice       ######       1%          2    None
 Call Canine Familiar     Summ           ######..     1%          3    None
 Gell's Gravitas          Tloc           ######....   1%          3    None
 Inner Flame              Hex/Fire       ######..     1%          3    None
 Lesser Beckoning         Tloc           ######....   1%          3    None
 Mephitic Cloud           Conj/Pois/Air  ######..     1%          3    None
 Portal Projectile        Hex/Tloc       ######       1%          3    None
 Recall                   Summ/Tloc      N/A          1%          3    None
 Regeneration             Chrm/Necr      ######....   1%          3    None
 Summon Guardian Golem    Hex/Summ       ######..     1%          3    None
 Teleport Other           Tloc           ######..     1%          3    None
 Vampiric Draining        Necr           ######....   1%          3    None
 Ice Form                 Ice/Tmut       ######..     1%          4    None
 Olgreb's Toxic Radiance  Pois           ######..     1%          4    None
 Summon Lightning Spire   Summ/Air       ######..     1%          4    None
 Throw Icicle             Conj/Ice       #######.     1%          4    None
 Bolt of Draining         Conj/Necr      ######....   1%          5    None
 Irradiate                Conj/Tmut      ######....   1%          5    None
 Iskenderun's Battlesphe  Conj/Chrm      ######..     1%          5    None
 Summon Mana Viper        Hex/Summ       ######..     1%          5    None
 Venom Bolt               Conj/Pois      ######....   1%          5    None
 Animate Dead             Necr           N/A          2%          4    None
 Passage of Golubria      Tloc           N/A          2%          4    None
 Orb of Destruction       Conj           #######...   2%          7    None
 Aura of Abjuration       Summ           ######....   3%          5    None
 Summon Demon             Summ           ######....   3%          5    None
 Summon Forest            Summ/Tloc      ######....   5%          5    None
 Alistair's Intoxication  Tmut/Pois      ######..     6%          5    None
 Spellforged Servitor     Conj/Summ      #######...   8%          7    None
 Agony                    Necr           ######..     9%          5    None
 Dispel Undead            Necr           ######..     9%          5    None
 Excruciating Wounds      Chrm/Necr      ######....   9%          5    None
 Simulacrum               Ice/Necr       ######....   11%         6    None
 Shadow Creatures         Summ           N/A          19%         6    None
 Hydra Form               Tmut           ######....   28%         6    None
 Death Channel            Necr           ######....   38%         6    None
 Deflect Missiles         Chrm/Air       ######....   38%         6    None
 Dragon Form              Tmut           ######....   82%         7    None
 Ring of Flames           Chrm/Fire      ######....   91%         7    None
 Disjunction              Tloc           ######....   100%        8    None


Dungeon Overview and Level Annotations

Branches:
Dungeon (15/15)            Temple (1/1) D:5            Lair (6/6) D:10
  Swamp (4/4) Lair:4       Spider (4/4) Lair:4        Slime (5/5) Lair:6
    Orc (2/2) D:9             Elf (3/3) Orc:2        Vaults (5/5) D:14
  Crypt (0/3) Vaults:2     Depths (1/5) D:15

Altars:
Ashenzari
Cheibriados
Dithmenos
Elyvilon
Fedhas
Gozag
Hepliaklqana
Kikubaaqudgha
Makhleb
Nemelex Xobeh
Okawaru
Qazlal
Ru
Sif Muna
Trog
Uskayaw
Vehumet
Wu Jian
Xom
Yredelemnul
Zin
The Shining One
Beogh
Jiyva

Shops:
D:13 !   Orc:2 =[*(*   Elf:1 ?}=}   Elf:2 *   Vaults:1 %}}?   Vaults:4 (

Annotations:
D:3 1 runed translucent door
D:12 3 runed translucent doors


Innate Abilities, Weirdness & Mutations

You tend to lose your temper in combat.
Scrolls take you a little longer to read.
You are dopey. (Int -2)
You are very frail. (-20% HP)
Your magical capacity is low. (-10% MP)
You are weak. (Str -2)


Message History

* * * LOW HITPOINT WARNING * * *
The storm dragon claws you but does no damage.
The storm dragon tramples you but does no damage.
The shadow dragon bites you but does no damage.
You block the shadow dragon's attack. x2
You hear a shout!
You hear two shouts!
Okay, then.
You feel much better.
You feel sick.
The tengu reaver hits you with a +0 battleaxe!
* * * LOW HITPOINT WARNING * * *
The tengu reaver pecks you but does no damage.
The tengu reaver claws you.
* * * LOW HITPOINT WARNING * * *
The ice dragon bites you!
* * * LOW HITPOINT WARNING * * *
The ice dragon claws you but does no damage.
The ice dragon barely misses you.
The storm dragon bites you but does no damage.
The storm dragon claws you.
You die...

).#.........##
#)).......(X[.
####)C......÷[...
p..(.#)......[...
)C.)..[[....[#
.#..W..[)......#
......[.[D.[.[.#.)
!....[..D@D...))†.
.....[[<)[Q[[.....
...[....<<[.).....
..(÷..[[(....e[...
...##..[.[[)D.(..#
.. ......[...[..#
# .)......C.....)#
.(..........).#.
c......W...)#...


You could see a shadow dragon, a tentacled monstrosity, a storm dragon, 2 ice
dragons, a stone giant, a tengu reaver, 2 ettins, a deep elf demonologist and a
freezing wraith.

Vanquished Creatures
  The ghost of erker the Hoplite, a legendary GrFi of the Shining One (Vaults:4)
  Frederick (Vaults:3)
  Saint Roka (Vaults:1)
  2 tentacled monstrosities
  Asterion (Spider:3)
  A titan (Vaults:3)
  A quicksilver dragon (Vaults:5)
  A lich (Vaults:5)
  3 deep elf blademasters
  13 acid blobs
  2 deep elf master archers (Elf:3)
  An ancient champion (Vaults:2)
  A sphinx (Vaults:5)
  A shadow dragon (Vaults:5)
  A thorn hunter (Swamp:2)
  3 tengu reavers
  A storm dragon (Vaults:5)
  5 azure jellies
  2 frost giants
  4 fire giants
  2 imperial myrmidons (Desolation)
  6 deep elf sorcerers
  3 orc warlords (Vaults:3)
  5 deep elf elementalists
  4 ghost moths
  Aizul (Swamp:4)
  4 emperor scorpions
  11 vault wardens
  15 ironheart preservers
  2 war gargoyles (Vaults:5)
  12 stone giants
  4 entropy weavers
  6 deep elf demonologists
  9 deep elf annihilators
  3 spark wasps (Spider:4)
  The ghost of Borbor the Severer, a journeyman MiBe of Trog (D:14)
  2 halazid warlocks (Desolation)
  An eidolon (Vaults:2)
  A jiangshi (Vaults:2)
  10 ettins
  A crystal guardian (Vaults:3)
  6 deep elf death magi
  2 death oozes (Slime:3)
  A merfolk javelineer (Depths:1)
  2 fire dragons
  Josephine (D:13)
  Harold (D:7)
  2 deep elf high priests (Elf:3)
  13 yaktaur captains
  10 great orbs of eyes
  7 peacekeepers (Desolation)
  5 ragged hierophants
  5 servants of whispers (Desolation)
  Erolcha (Orc:1)
  2 rakshasas
  47 vault guards
  4 ice dragons
  15 hydras
  Erica (Orc:1)
  A death knight (Vaults:5)
  8 centaur warriors
  An anaconda (shapeshifter) (Vaults:5)
  2 shambling mangroves (Swamp:4)
  The ghost of Borbor the Cleaver, a novice MiBe of Trog (D:8)
  47 two-headed ogres
  9 alligators
  A deep troll shaman (Vaults:4)
  13 ogre magi
  25 dancing weapons
  3 tengu warriors
  A vampire mage (Vaults:2)
  Sonja (Lair:2)
  A hell knight (Volcano)
  Nergalle (Orc:1)
  A sun demon (Volcano)
  5 spriggans
  23 deep elf knights
  A shadow wraith (Vaults:3)
  2 wizards
  The ghost of Irenicus the Geomancer, a novice DDEE of Makhleb (D:8)
  8 unseen horrors
  4 deep trolls
  4 glowing orange brains
  5 swamp dragons (Swamp:4)
  2 flayed ghosts
  22 deep elf archers
  An obsidian statue (Volcano)
  20 ironbrand convokers
  A glowing orange brain (shapeshifter) (Vaults:5)
  21 orc knights
  2 phantasmal warriors
  4 oklob plants (Lair:2)
  3 necromancers
  8 shining eyes
  50 ugly things
  93 deep elf magi
  27 wolf spiders
  A manticore (D:14)
  4 moths of wrath
  6 orc sorcerers
  22 orb spiders
  A spectral centaur (D:9)
  12 vault sentinels
  7 cyclopes
  6 guardian serpents (Desolation)
  4 black mambas
  2 eyes of devastation (Slime:4)
  Joseph (D:7)
  2 elephants (Lair:6)
  4 ice statues
  4 torpor snails
  12 spiny frogs
  3 rime drakes
  9 demonic crawlers
  A tengu conjurer (D:13)
  13 komodo dragons
  The ghost of fly the Changer, a novice OpTm of Makhleb (D:6)
  26 yaktaurs
  2 efreet
  10 ice devils (IceCv)
  2 red devils (Volcano)
  A troll (shapeshifter) (D:13)
  9 freezing wraiths
  4 meliai
  A merfolk (D:9)
  A queen bee (shapeshifter) (Depths:1)
  37 jumping spiders
  7 trolls
  A harpy skeleton (D:13)
  A jumping spider (shapeshifter) (Vaults:2)
  3 raiju (Lair:6)
  21 hornets
  6 tyrant leeches
  9 polar bears (Lair:6)
  6 blink frogs
  55 saltlings
  5 bog bodies
  92 slime creatures
  10 hippogriffs
  Sigmund (D:4)
  A hippogriff (shapeshifter) (Vaults:4)
  A redback (shapeshifter) (Vaults:5)
  2 shadows (D:14)
  35 tarantellas
  3 air elementals
  2 centaur simulacra
  92 redbacks
  A water elemental (Elf:2)
  10 wraiths
  39 yaks
  5 basilisks
  2 wyverns
  6 fire bats (Volcano)
  2 fire elementals
  A fire bat (shapeshifter) (Elf:3)
  4 golden eyes (Slime:4)
  A steam dragon (D:8)
  18 vampire mosquitoes
  Grum (D:11)
  A human simulacrum (Vaults:1)
  A hungry ghost (D:10)
  9 insubstantial wisps
  18 wargs
  19 swamp worms
  3 acid dragons
  8 hell hounds (Lair:6)
  Duvessa (D:7)
  11 water moccasins
  14 porcupines
  63 orc warriors
  8 swamp drakes
  5 ice beasts
  15 black bears
  8 centaurs
  8 eyes of draining
  4 sky beasts
  An ettin simulacrum (Vaults:2)
  39 ogres
  3 phantoms
  A necrophage (D:6)
  17 wolves
  15 crocodiles
  3 big kobolds
  8 earth elementals
  2 spectral wyverns (D:9)
  Dowan (D:7)
  18 bullfrogs
  7 scorpions
  26 killer bees
  4 howler monkeys
  7 wights
  An electric eel (Lair:4)
  A draconian simulacrum (IceCv)
  4 crimson imps
  6 centaur zombies
  A human zombie (Ossuary)
  A lava snake (Volcano)
  A quasit (D:8)
  2 bullfrog zombies
  7 hounds
  9 centaur skeletons
  22 orc priests
  Crazy Yiuf (D:7)
  6 jellies
  25 orc wizards
  2 bullfrog skeletons
  6 iguanas
  3 troll simulacra (IceCv)
  11 worker ants
  2 spriggan simulacra (IceCv)
  2 big kobold zombies (Ossuary)
  5 hound zombies
  3 mummies (Ossuary)
  2 worker ant zombies (D:11)
  Robin (D:3)
  2 howler monkey zombies
  14 gnolls
  A howler monkey skeleton (D:10)
  2 river rats (Sewer)
  14 adders
  2 naga simulacra (IceCv)
  An ogre simulacrum (IceCv)
  A shadow imp (D:14)
  2 oozes
  5 adder zombies
  An adder skeleton (D:6)
  5 worms
  A dart slug (D:1)
  9 leopard geckos
  117 orcs
  4 giant cockroaches
  16 goblins
  8 hobgoblins
  14 jackals
  3 quokkas
  A ball python (D:1)
  10 bats
  3 frilled lizards (D:1)
  4 gnoll zombies (Ossuary)
  A goblin skeleton (D:3)
  5 goblin zombies (Ossuary)
  4 hobgoblin zombies (Ossuary)
  A jackal skeleton (D:4)
  5 jackal zombies (Ossuary)
  10 kobolds
  2 kobold zombies (Ossuary)
  2 orc zombies (Ossuary)
  A quokka zombie (Ossuary)
  7 rats
  2 rat zombies (Ossuary)
  A plant (Lair:6)
2101 creatures vanquished.

Vanquished Creatures (collateral kills)
  2 hydras
  2 two-headed ogres
  A centaur warrior (D:14)
  A death yak (Lair:6)
  A spriggan druid (Swamp:4)
  A swamp dragon (Swamp:1)
  A deep elf mage (Elf:3)
  A cyclops (D:14)
  An ugly thing (D:9)
  An elephant (Lair:5)
  A queen bee (Lair:1)
  A polar bear (Lair:6)
  A hippogriff (Lair:6)
  A blink frog (Lair:2)
  6 slime creatures
  A raiju (Lair:6)
  4 dream sheep (Lair:5)
  A water elemental (D:13)
  8 yaks
  A wyvern (D:10)
  3 vampire mosquitoes
  A warg (D:10)
  3 hell hounds (Lair:6)
  A porcupine (Lair:2)
  2 orc warriors
  6 ogres
  A centaur (D:9)
  6 wolves
  3 crocodiles
  2 bullfrogs
  A scorpion (D:9)
  7 killer bees (Lair:1)
  A howler monkey (D:9)
  2 jellies (D:9)
  3 lava snakes (Volcano)
  2 orc priests
  2 iguanas
  5 orc wizards
  A bullfrog simulacrum (D:9)
  A gnoll (D:10)
  3 adders
  A shadow imp (D:9)
  19 orcs
  A jackal (D:11)
114 creatures vanquished.

Vanquished Creatures (others)
  A redback (Spider:4)
  An acid dragon (Vaults:1)
  15 fungi
  16 plants
33 creatures vanquished.

Grand Total: 2248 creatures vanquished

Notes
Turn   | Place    | Note
-------+----------+-------------------------------------------
     0 | D:1      | Zogzag the Human Earth Elementalist began the quest for the
                  | Orb.
     0 | D:1      | Reached XP level 1. HP: 13/13 MP: 3/3
    46 | D:1      | Reached XP level 2. HP: 13/20 MP: 1/5
   515 | D:1      | Reached XP level 3. HP: 16/25 MP: 4/6
   609 | D:1      | Learned a level 3 spell: Stone Arrow
   683 | D:1      | Reached skill level 1 in Fighting
   870 | D:2      | Reached XP level 4. HP: 29/32 MP: 5/8
  1313 | D:2      | Found a sparkling altar of Nemelex Xobeh.
  1429 | D:2      | You fall through a shaft!
  1444 | D:3      | Found a runed translucent door.
  1444 | D:3      | Noticed a human
  1467 | D:3      | Noticed Robin
  1501 | D:3      | Noticed a big kobold
  1653 | D:3      | Found a basalt altar of Yredelemnul.
  1743 | D:3      | Killed Robin
  1743 | D:3      | Reached XP level 5. HP: 24/37 MP: 6/9
  1849 | D:3      | Killed a big kobold
  1849 | D:3      | Reached skill level 1 in Conjurations
  1849 | D:3      | Reached XP level 6. HP: 19/44 MP: 2/11
  2602 | D:4      | Found an opulent altar of Gozag.
  2639 | D:4      | Found a glowing drain.
  2642 | D:4      | Noticed an ogre
  2646 | D:4      | Killed an ogre
  2646 | D:4      | Reached skill level 5 in Earth Magic
  2646 | D:4      | Reached XP level 7. HP: 36/51 MP: 8/13
  2659 | Sewer    | Entered a sewer
  2873 | Sewer    | Found a white marble altar of Elyvilon.
  2953 | D:4      | Learned a level 4 spell: Petrify
  2959 | D:4      | Learned a level 5 spell: Lee's Rapid Deconstruction
  3092 | D:4      | Noticed Sigmund
  3106 | D:4      | Killed Sigmund
  3129 | D:4      | Reached XP level 8. HP: 50/58 MP: 9/15
  3161 | D:4      | You fall through a shaft for 3 floors!
  3162 | D:7      | Noticed Duvessa
  3162 | D:7      | Noticed Dowan
  3190 | D:7      | Reached skill level 5 in Spellcasting
  3252 | D:7      | Found a sand-covered staircase.
  3273 | Ossuary  | Entered an ossuary
  3276 | Ossuary  | Learned a level 1 spell: Freeze
  4206 | D:7      | Learned a level 2 spell: Passwall
  4226 | D:7      | Reached XP level 9. HP: 64/64 MP: 15/25
  4227 | D:7      | Reached XP level 10. HP: 77/77 MP: 15/26
  4259 | D:7      | Found a runed translucent door.
  4260 | D:7      | Noticed Crazy Yiuf
  4268 | D:7      | Killed Crazy Yiuf
  4372 | D:7      | Noticed Joseph
  4739 | D:6      | Found a runed translucent door.
  4739 | D:6      | Noticed fly's ghost (novice OpTm)
  4751 | D:6      | Killed fly's ghost
  4751 | D:6      | Reached skill level 1 in Armour
  4751 | D:6      | Reached skill level 1 in Ice Magic
  4979 | D:6      | Reached skill level 10 in Earth Magic
  5088 | D:6      | Reached XP level 11. HP: 49/82 MP: 25/27
  5170 | D:5      | Entered Level 5 of the Dungeon
  5213 | D:5      | Found a staircase to the Ecumenical Temple.
  5245 | Temple   | Entered the Ecumenical Temple
  5850 | D:5      | Found a blossoming altar of Fedhas.
  6443 | D:7      | Noticed Harold
  6460 | D:7      | Killed Harold
  6738 | D:7      | Killed Joseph
  7032 | D:7      | Killed Duvessa
  7089 | D:7      | Killed Dowan
  7228 | D:8      | Found a glowing silver altar of Zin.
  7363 | D:8      | Noticed a two-headed ogre
  7370 | D:8      | Killed a two-headed ogre
  7370 | D:8      | Reached skill level 1 in Short Blades
  7370 | D:8      | Reached skill level 5 in Conjurations
  7480 | D:8      | Found a radiant altar of Vehumet.
  7493 | D:8      | Became a worshipper of Vehumet
  7653 | D:8      | Learned a level 3 spell: Ozocubu's Armour
  7658 | D:8      | Learned a level 4 spell: Summon Ice Beast
  7979 | D:8      | Found a runed translucent door.
  7979 | D:8      | Noticed Irenicus's ghost (novice DDEE)
  8052 | D:8      | Killed Irenicus's ghost
  8198 | D:8      | Found a glowing golden altar of the Shining One.
  8209 | D:8      | Found a burning altar of Makhleb.
  8278 | D:9      | Found a staircase to the Orcish Mines.
  8380 | D:9      | Found a runed translucent gate.
  8380 | D:9      | Found a runed translucent gate.
  8380 | D:9      | Found a runed translucent gate.
  8446 | D:9      | Noticed Borbor's ghost (novice MiBe)
  8502 | D:9      | Reached skill level 1 in Summonings
  8717 | D:9      | Learned a level 4 spell: Cause Fear
  8751 | D:9      | Found a stormy altar of Qazlal.
  8810 | D:9      | Noticed a green ugly thing
  8829 | D:9      | Killed a white ugly thing
  8829 | D:9      | Reached XP level 12. HP: 89/89 MP: 5/28
  9056 | D:9      | Reached * piety under Vehumet
  9056 | D:9      | Offered knowledge of Sting by Vehumet.
  9603 | D:9      | Noticed a two-headed ogre
  9612 | D:9      | Killed a two-headed ogre
 10575 | D:10     | Entered Level 10 of the Dungeon
 10891 | D:10     | Reached ** piety under Vehumet
 10916 | D:10     | Found a staircase to the Lair.
 10967 | D:10     | Offered knowledge of Shock by Vehumet.
 11247 | D:10     | Noticed a two-headed ogre
 11259 | D:10     | Killed a two-headed ogre
 12182 | D:11     | Noticed Grum
 12507 | D:11     | Offered knowledge of Conjure Flame by Vehumet.
 12574 | D:11     | Killed Grum
 12574 | D:11     | Reached skill level 5 in Ice Magic
 12905 | D:11     | Reached *** piety under Vehumet
 12931 | D:11     | Killed an unseen horror
 13110 | D:11     | Learned a level 6 spell: Iron Shot
 13165 | D:11     | Killed an unseen horror
 13216 | D:11     | Offered knowledge of Iskenderun's Mystic Blast by Vehumet.
 13234 | D:11     | Found a shimmering altar of Xom.
 13656 | D:12     | Noticed a two-headed ogre
 13661 | D:12     | Killed a two-headed ogre
 13661 | D:12     | Reached XP level 13. HP: 94/94 MP: 18/29
 13886 | D:12     | Reached skill level 1 in Shields
 14163 | D:12     | Found a runed translucent door.
 14217 | D:12     | Found a runed translucent door.
 14232 | D:12     | Found a runed translucent door.
 14243 | D:12     | Found a runed translucent door.
 14400 | D:12     | Reached **** piety under Vehumet
 14541 | D:12     | Offered knowledge of Ignite Poison by Vehumet.
 15294 | D:12     | HP: 4/94 [tengu warrior/+0 great sword (26)]
 16045 | D:13     | Noticed a centaur warrior
 16158 | D:13     | Killed a centaur warrior
 16519 | D:13     | Reached ***** piety under Vehumet
 16519 | D:13     | Offered knowledge of Sticky Flame by Vehumet.
 16761 | D:13     | Noticed Josephine
 16870 | D:13     | Found Acucu's Distillery.
 16896 | D:13     | Bought a potion of cancellation for 128 gold pieces
 16896 | D:13     | Bought a potion of curing for 48 gold pieces
 16896 | D:13     | Bought a potion of degeneration for 16 gold pieces
 17207 | D:13     | Killed Josephine
 17493 | D:14     | Reached XP level 14. HP: 101/101 MP: 17/31
 17557 | D:14     | Found a runed translucent gate.
 17557 | D:14     | Found a runed translucent gate.
 17558 | D:14     | Found a runed translucent gate.
 17560 | D:14     | Noticed Borbor's ghost (journeyman MiBe)
 18792 | D:8      | Found a radiant altar of Vehumet.
 19038 | D:8      | Killed Borbor's ghost
 19097 | Lair:1   | Entered Level 1 of the Lair of Beasts
 19111 | Lair:1   | Reached skill level 1 in Evocations
 19696 | Lair:1   | Reached skill level 5 in Armour
 20415 | Lair:2   | Noticed Sonja
 20526 | Lair:2   | Killed Sonja
 20658 | Lair:2   | Offered knowledge of Force Lance by Vehumet.
 21581 | Lair:2   | Got a scorched short sword
 22100 | Lair:3   | Got a bloodstained leather armour
 22300 | Lair:3   | Identified the +4 leather armour of Yxzi {rF+} (You found
                  | it on level 3 of the Lair of Beasts)
 22558 | Lair:3   | Identified the +4 short sword "Zogzag's Peril" {venom,
                  | *Drain +Inv rN++ SInv} (You found it on level 2 of the Lair
                  | of Beasts)
 23268 | Lair:4   | Found a bloodstained altar of Trog.
 23495 | Lair:4   | Reached skill level 5 in Evocations
 24192 | Lair:4   | Found a staircase to the Swamp.
 24304 | Lair:4   | Reached XP level 15. HP: 78/107 MP: 9/32
 24575 | Lair:4   | Found a hole to the Spider Nest.
 26090 | Lair:6   | Entered Level 6 of the Lair of Beasts
 27068 | Lair:6   | Offered knowledge of Lightning Bolt by Vehumet.
 27534 | Lair:6   | Found a viscous altar of Jiyva.
 27540 | Lair:6   | Found a staircase to the Slime Pits.
 28624 | Lair:6   | Offered knowledge of Bolt of Draining by Vehumet.
 29472 | Orc:1    | Entered Level 1 of the Orcish Mines
 29478 | Orc:1    | Noticed Nergalle
 29480 | Orc:1    | Killed Nergalle
 29481 | Orc:1    | Noticed a stone giant
 29486 | Orc:1    | Killed a stone giant
 29525 | Orc:1    | Noticed Erica
 29533 | Orc:1    | Killed Erica
 29598 | Orc:1    | HP: 3/108 [cyclops/large rock (32)]
 29942 | Orc:1    | Found a frozen archway.
 29952 | IceCv    | Entered an ice cave
 30491 | IceCv    | Reached XP level 16. HP: 109/115 MP: 4/34
 30535 | IceCv    | Identified the +3 leather armour of Resilience {-Tele rElec
                  | rPois}
 30909 | IceCv    | Got a distressingly furry ring mail
 30921 | IceCv    | Identified the +5 ring mail of Fedhas's Pride {Int+8} (You
                  | found it in an ice cave)
 31010 | Orc:1    | Noticed Erolcha
 31018 | Orc:1    | Killed Erolcha
 31493 | Orc:2    | Entered Level 2 of the Orcish Mines
 31518 | Orc:2    | Found a dark tunnel.
 31523 | Volcano  | Entered a volcano
 31772 | Volcano  | Found a burning altar of Makhleb.
 31988 | Orc:2    | Found Lobocvoe's Jewellery Shop.
 32119 | Orc:2    | Offered knowledge of Poison Arrow by Vehumet.
 32584 | Orc:2    | Found Viwanew's General Store.
 32584 | Orc:2    | Found Mimanumn's Antique Armour Shop.
 32593 | Orc:2    | Bought 11 stones for 18 gold pieces
 33030 | Orc:2    | Found a roughly hewn altar of Beogh.
 33037 | Orc:2    | Reached skill level 15 in Earth Magic
 33160 | Orc:2    | Found Qaaplew's General Store.
 33160 | Orc:2    | Found Xotzyis's Weapon Shop.
 33477 | Orc:2    | Found a roughly hewn altar of Beogh.
 33541 | Orc:2    | Found a staircase to the Elven Halls.
 33878 | Elf:1    | Entered Level 1 of the Elven Halls
 34093 | Elf:1    | Found Ketzoit's Magic Scroll Emporium.
 34099 | Elf:1    | Bought a scroll of blinking for 112 gold pieces
 34099 | Elf:1    | Bought a scroll of identify for 30 gold pieces
 34099 | Elf:1    | Bought a scroll of remove curse for 45 gold pieces
 34099 | Elf:1    | Bought a scroll of blinking for 112 gold pieces
 34407 | Elf:1    | Reached skill level 1 in Hexes
 34686 | Elf:1    | Found Cohaugan's Gadget Boutique.
 34687 | Elf:1    | Found Qyquhioz's Jewellery Shoppe.
 34688 | Elf:1    | Found Vuemuit's Gadget Boutique.
 34787 | Elf:1    | Bought the ring "Boifaug" {rC+ MP+9 Int+2} for 565 gold
                  | pieces
 34857 | Elf:1    | Reached ****** piety under Vehumet
 34857 | Elf:1    | Offered knowledge of Conjure Ball Lightning by Vehumet.
 34890 | Elf:1    | Reached XP level 17. HP: 116/120 MP: 35/35
 34917 | Elf:1    | Reached skill level 15 in Spellcasting
 35591 | Elf:2    | Got a spiked leather armour
 35744 | Elf:2    | Found Rekuewk's Assorted Antiques.
 35761 | Elf:2    | Found a ruined gateway.
 35765 | Desolati | Entered the Desolation of Salt
 35793 | Desolati | Reached skill level 10 in Armour
 35801 | Desolati | Identified the amulet "Ureishiwn" {+Rage rF+ Str+3 Int+4}
 35810 | Desolati | Reached skill level 5 in Hexes
 36045 | Desolati | Identified the +1 leather armour "Vahahag" {MR++ MP+9
                  | Int-5} (You found it on level 2 of the Elven Halls)
 36160 | Desolati | Got a pitted leather armour
 36166 | Desolati | Got a translucent plate armour
 36178 | Desolati | Identified the +0 leather armour "Bieghuj" {rC- rN+ Int+2
                  | Stlth+} (You found it in the Desolation of Salt)
 36188 | Desolati | Identified the +7 plate armour of Xetas {*Drain rPois rC++
                  | Stlth+} (You found it in the Desolation of Salt)
 36310 | Desolati | Identified the Grimoire of the Glacier and Clay
 36322 | Desolati | Learned a level 9 spell: Shatter
 36371 | Desolati | Identified the Compendium of Darkness and Poison
 36558 | Desolati | Identified the Handbook of Talismans
 36722 | Desolati | Reached XP level 18. HP: 114/127 MP: 23/37
 37315 | Elf:2    | Found a runed translucent gate.
 37315 | Elf:2    | Found a runed translucent gate.
 37316 | Elf:2    | Found a runed translucent gate.
 37451 | Elf:2    | Noticed a deep elf blademaster
 37923 | Elf:2    | Offered knowledge of Freezing Cloud by Vehumet.
 37983 | Elf:2    | Killed a deep elf blademaster
 38541 | Elf:3    | Entered Level 3 of the Elven Halls
 39674 | Elf:3    | Reached XP level 19. HP: 102/132 MP: 30/39
 39735 | Elf:3    | Identified the ring of the Rose {+Blink rPois rN+ Int+3}
 39863 | Elf:3    | Identified the +1 shield of Awanwuho {rElec MR+ Slay-3
                  | Stlth+}
 39869 | Elf:3    | Offered knowledge of Lehudib's Crystal Spear by Vehumet.
 39869 | Elf:3    | Offered knowledge of Chain Lightning by Vehumet.
 39869 | Elf:3    | Offered knowledge of Tornado by Vehumet.
 39947 | Elf:3    | Noticed a deep elf blademaster
 39949 | Elf:3    | Killed a deep elf blademaster
 40055 | Elf:3    | Identified the cursed +3 quarterstaff of Compulsion {elec,
                  | rC+ Int+2 Stlth+}
 40063 | Elf:3    | Identified the +7 flail of Superiority {freeze, rC- MP+9
                  | Dex+3 Stlth+}
 40197 | Elf:3    | Identified the Grimoire of Quantum Shape Shifting
 40267 | Elf:3    | Noticed a deep elf blademaster
 40268 | Elf:3    | Found the +2 ratskin cloak {+Rats rPois rN+ Str-1 Int-1
                  | Dex+1}
 40271 | Elf:3    | Killed a deep elf blademaster
 40292 | Elf:3    | Got a heavily jewelled robe
 40299 | Elf:3    | Got a fine helmet
 40333 | Elf:3    | Identified the +2 helmet "Beumeopu" {MR+ Str+4 Dex-2
                  | Stlth+} (You found it on level 3 of the Elven Halls)
 40354 | Elf:3    | Identified the +0 robe "Reliec" {Slay+2} (You found it on
                  | level 3 of the Elven Halls)
 40366 | Elf:3    | Got a jewelled scale mail
 40367 | Elf:3    | Identified the +1 scale mail of Hola {Str+3 SInv} (You
                  | found it on level 3 of the Elven Halls)
 40894 | D:14     | Found a gate to the Vaults.
 41417 | D:14     | Killed Borbor's ghost
 41434 | D:14     | Got a pair of scorched boots
 41448 | D:14     | Identified the +0 pair of boots of the Planets {rElec} (You
                  | found it on level 14 of the Dungeon)
 41491 | D:15     | Entered Level 15 of the Dungeon
 41966 | D:15     | Found a staircase to the Depths.
 42096 | D:14     | Upgraded the game from 0.23.1 to 0.23.1-37-gaa34b87
 42170 | Depths:1 | Entered Level 1 of the Depths
 42739 | Depths:1 | Reached XP level 20. HP: 112/139 MP: 24/42
 43094 | Swamp:1  | Entered Level 1 of the Swamp
 45427 | Swamp:3  | Learned a level 5 spell: Bolt of Magma
 46021 | Swamp:4  | Entered Level 4 of the Swamp
 46208 | Swamp:4  | Found an iron altar of Okawaru.
 46254 | Swamp:4  | Noticed Aizul
 46259 | Swamp:4  | Killed Aizul
 46259 | Swamp:4  | Reached skill level 5 in Stealth
 46759 | Swamp:4  | Paralysed by a hornet for 1 turns
 47597 | Swamp:4  | Paralysed by a hornet for 2 turns
 47917 | Swamp:4  | Got a decaying rune of Zot
 48248 | Spider:1 | Entered Level 1 of the Spider Nest
 49372 | Spider:2 | Reached XP level 21. HP: 84/144 MP: 6/43
 51427 | Spider:2 | You fall through a shaft!
 51429 | Spider:3 | Noticed Asterion
 51439 | Spider:4 | Entered Level 4 of the Spider Nest
 51657 | Spider:3 | Found a transporter.
 51688 | Spider:3 | Gained mutation: You are frail. (-10% HP) [mutagenic glow]
 51952 | Spider:3 | Killed Asterion
 52136 | Spider:3 | Found a transporter.
 52712 | Spider:2 | Got an ichor-stained ring mail
 52713 | Spider:2 | Identified the +1 ring mail "Qebyar" {MP+9 Str+7} (You
                  | found it on level 2 of the Spider Nest)
 53369 | Spider:3 | Got a warped golden ring
 53370 | Spider:3 | Identified the ring "Tirivip" {*Tele MR+} (You found it on
                  | level 3 of the Spider Nest)
 53384 | Spider:3 | Got a glittering bone ring
 53387 | Spider:3 | Identified the ring "Vogi" {Str+6 Stlth-} (You found it on
                  | level 3 of the Spider Nest)
 55715 | Spider:4 | Got a gossamer rune of Zot
 56037 | Slime:1  | Entered Level 1 of the Pits of Slime
 56049 | Slime:1  | Gained mutation: You are very frail. (-20% HP) [a shining
                  | eye]
 56520 | Lair:6   | Learned a level 2 spell: Swiftness
 56572 | Lair:6   | Learned a level 8 spell: Lehudib's Crystal Spear
 56617 | Slime:1  | Reached XP level 22. HP: 120/120 MP: 17/45
 58041 | Slime:2  | Gained mutation: You are weak. (Str -2) [a shining eye]
 58313 | Slime:2  | Found a viscous altar of Jiyva.
 59808 | Slime:4  | Gained mutation: Scrolls take you a little longer to read.
                  | [a shining eye]
 60367 | Slime:5  | Entered Level 5 of the Pits of Slime
 60567 | Slime:5  | Gained mutation: Your magical capacity is low. (-10% MP) [a
                  | shining eye]
 60569 | Slime:5  | Gained mutation: You are dopey. (Int -2) [a shining eye]
 60570 | Slime:5  | Gained mutation: You tend to lose your temper in combat. [a
                  | shining eye]
 60830 | Vaults:1 | Entered Level 1 of the Vaults
 60863 | Vaults:1 | Reached skill level 10 in Fighting
 60955 | Vaults:1 | Reached XP level 23. HP: 132/132 MP: 22/42
 61038 | Vaults:1 | Found a flickering gateway to a bazaar.
 61044 | Bazaar   | Entered a bazaar
 61045 | Bazaar   | Found Camnuyv's General Store.
 61045 | Bazaar   | Found Ezeh's Weapon Emporium.
 61046 | Bazaar   | Found Jirphoz's Book Boutique.
 61077 | Bazaar   | Found Sago's Food Shop.
 61085 | Bazaar   | Bought a ration for 35 gold pieces
 61085 | Bazaar   | Bought a ration for 35 gold pieces
 61085 | Bazaar   | Bought a ration for 35 gold pieces
 61085 | Bazaar   | Bought a ration for 35 gold pieces
 61085 | Bazaar   | Bought a ration for 35 gold pieces
 61085 | Bazaar   | Bought a ration for 35 gold pieces
 61085 | Bazaar   | Bought a ration for 35 gold pieces
 61085 | Bazaar   | Bought a ration for 35 gold pieces
 61085 | Bazaar   | Bought a ration for 35 gold pieces
 61085 | Bazaar   | Bought a ration for 35 gold pieces
 61085 | Bazaar   | Bought a ration for 35 gold pieces
 61085 | Bazaar   | Bought a ration for 35 gold pieces
 61085 | Bazaar   | Bought a ration for 35 gold pieces
 61107 | Bazaar   | Bought a manual of Spellcasting for 772 gold pieces
 61581 | Vaults:1 | Identified the +8 arbalest "Geduam Coup" {flame, Int+4}
 62135 | Vaults:1 | Found Vodokh's Magic Scroll Shop.
 62135 | Vaults:1 | Found Buc Kei's Gadget Boutique.
 62292 | Vaults:1 | Bought a scroll of enchant armour for 135 gold pieces
 62311 | Vaults:1 | Found Derchi's Food Shop.
 62508 | Vaults:1 | Noticed Saint Roka
 62897 | Vaults:1 | Found Ajaa's Gadget Emporium.
 62952 | Vaults:1 | Found a portal to a secret trove of treasure.
 62981 | Trove    | Entered a treasure trove
 63001 | Trove    | Found the +8 Wrath of Trog {antimagic, *Rage}
 63028 | Trove    | Identified the +8 quick blade of Yciorec {venom, *Rage
                  | MR+++ MP+9 Int-4} (You found it in a treasure trove)
 63272 | Vaults:1 | Killed Saint Roka
 64040 | Vaults:2 | Found a gateway to a bazaar.
 64104 | Bazaar   | Entered a bazaar
 64117 | Bazaar   | Found Aggyufiw's Antique Weapon Emporium.
 64128 | Bazaar   | Found Xacloow's Antique Weapon Shoppe.
 64142 | Bazaar   | Found Faeros's Antique Armour Emporium.
 64153 | Bazaar   | Found Omnaevuc's Antique Armour Shoppe.
 64177 | Bazaar   | Bought a heavily runed buckler for 313 gold pieces
 64187 | Bazaar   | Identified the +2 buckler of the Gastropod {rC+ Int+2
                  | Stlth+} (You bought it in a shop in a bazaar)
 64198 | Bazaar   | Bought a shimmering ring mail for 180 gold pieces
 64198 | Bazaar   | Bought a faintly humming robe for 114 gold pieces
 64198 | Bazaar   | Bought a shadowed robe for 114 gold pieces
 64208 | Bazaar   | Identified the cursed +0 robe of Responsibility {Int+4}
                  | (You bought it in a shop in a bazaar)
 64220 | Bazaar   | Identified the +2 robe "Rigasava" {Slay+3} (You bought it
                  | in a shop in a bazaar)
 64230 | Bazaar   | Identified the cursed +0 ring mail of the Ecumenical Temple
                  | {rPois rF+ rC+} (You bought it in a shop in a bazaar)
 64230 | Bazaar   | Bought a faintly humming plate armour for 560 gold pieces
 64242 | Bazaar   | Identified the +10 plate armour "Uthrauwki" {+Inv} (You
                  | bought it in a shop in a bazaar)
 65152 | Vaults:2 | Found a staircase to the Crypt.
 65306 | Vaults:2 | Reached XP level 24. HP: 139/139 MP: 43/44
 66286 | Vaults:3 | You fall through a shaft!
 67333 | Vaults:3 | Noticed Frederick
 67337 | Vaults:3 | Killed Frederick
 68901 | Vaults:3 | Identified the ring "Vyll" {rPois rN+}
 69110 | Vaults:3 | Reached XP level 25. HP: 132/143 MP: 31/45
 69825 | Vaults:4 | Found Qamom's Weapon Shop.
 70137 | Vaults:4 | Found a runed translucent door.
 70137 | Vaults:4 | Noticed erker's ghost (legendary GrFi)
 70145 | Vaults:4 | Killed erker's ghost
 70159 | Vaults:4 | Learned a level 6 spell: Statue Form
 70428 | Vaults:5 | Entered Level 5 of the Vaults
 70446 | Vaults:5 | Identified the ring "Disumug" {*Slow rPois rC+ MR++ Int+3}
 70861 | Vaults:5 | Reached XP level 26. HP: 50/148 MP: 46/46
 70861 | Vaults:5 | Identified the ring of the Magpie {AC+1 Int+2 Dex+2}
 70865 | Vaults:5 | HP: 3/148 [storm dragon (8)]
 70869 | Vaults:5 | HP: 1/148 [ice dragon (12)]
 70869 | Vaults:5 | Slain by a storm dragon

Skill      XL: |  1  2  3  4  5  6  7  8  9 10 11 12 13 14 15 16 17 18 19 20 21 22 23 24 25 |
---------------+----------------------------------------------------------------------------+-----
Fighting       | 1 2 3 6 7 10 | 10.6
Spellcasting   | 3 4 12 13 14 15 16 18 19 20 22 23 24 | 24.1
Earth Magic    | 4 5 6 9 10 11 12 13 14 15 16 17 18 19 20 21 22 23 24 | 24.5
Conjurations   | 1 2 3 5 7 8 |  8.5
Armour         | 1 3 4 6 9 10 | 10.0
Ice Magic      | 1 4 5 6 7 |  7.0
Short Blades   | 1 |  1.0
Summonings     | 1 2 |  2.0
Shields        | 4 |  4.0
Evocations     | 5 8 |  8.0
Hexes          | 2 6 7 |  7.0
Stealth        | 7 |  7.0
Dodging        | |  2.0
Transmutations | |  1.0

Action                   |  1- 3 |  4- 6 |  7- 9 | 10-12 | 13-15 | 16-18 | 19-21 | 22-24 | 25-27 || total
-------------------------+-------+-------+-------+-------+-------+-------+-------+-------+-------++-------
Melee: Club              |     8 |       |       |       |       |       |       |       |       ||     8
       Unarmed           |     5 |       |       |       |       |       |       |       |       ||     5
       Spear             |    97 |   184 |   324 |     1 |       |       |       |       |       ||   606
       Quarterstaff      |       |       |       |   138 |       |       |       |       |       ||   138
       Dagger            |       |       |       |    35 |       |       |       |       |       ||    35
       Staff             |       |       |       |    36 |    30 |    17 |     8 |     1 |       ||    92
       Lance             |       |       |       |       |       |    12 |     9 |    33 |       ||    54
       Short sword       |       |       |       |       |       |       |     5 |       |       ||     5
 Cast: Sandblast         |    29 |    60 |    35 |    58 |   284 |    15 |   220 |    59 |     1 ||   761
       Stone Arrow       |       |       |    12 |   143 |   229 |    78 |    57 |     4 |       ||   523
       Passwall          |       |       |     2 |       |    11 |     5 |     2 |     1 |       ||    21
       Freeze            |       |       |       |   121 |   162 |    31 |    17 |     8 |       ||   339
       Lee's Rapid Decon |       |       |       |    31 |   124 |   191 |   119 |   204 |    25 ||   694
       Summon Ice Beast  |       |       |       |    44 |    98 |    13 |    13 |     1 |       ||   169
       Petrify           |       |       |       |     4 |    14 |     4 |     4 |     1 |       ||    27
       Ozocubu's Armour  |       |       |       |     6 |    21 |       |       |       |       ||    27
       Cause Fear        |       |       |       |     2 |       |     5 |     2 |     1 |       ||    10
       Iron Shot         |       |       |       |       |    87 |   145 |   375 |   196 |    16 ||   819
       Bolt of Magma     |       |       |       |       |       |       |    29 |    54 |     8 ||    91
       Shatter           |       |       |       |       |       |       |     1 |    19 |    14 ||    34
       Swiftness         |       |       |       |       |       |       |     1 |     3 |     1 ||     5
       Lehudib's Crystal |       |       |       |       |       |       |       |    13 |     8 ||    21
       Statue Form       |       |       |       |       |       |       |       |       |     1 ||     1
 Abil: Evoke Invisibilit |       |       |       |       |       |     1 |     5 |     2 |       ||     8
Evoke: Wand              |       |       |       |     1 |     3 |    10 |    13 |     4 |       ||    31
       Staff of energy   |       |       |       |       |    43 |       |       |       |       ||    43
  Use: Scroll            |     4 |     5 |     3 |    12 |    17 |     7 |     9 |    10 |       ||    67
       Potion            |       |       |     4 |     6 |     2 |     2 |     9 |     2 |     7 ||    32
 Stab: Sleeping          |       |       |     4 |     4 |       |       |       |       |       ||     8
       Paralysed         |       |       |       |     1 |       |       |       |       |       ||     1
       Petrified         |       |       |       |       |     1 |       |       |       |       ||     1
  Eat: Chunk             |       |     6 |     4 |    23 |    33 |    14 |    14 |    21 |     5 ||   120
       Ration            |       |       |     1 |     3 |    14 |     6 |    12 |     6 |       ||    42
Armor: Robe              |    21 |    39 |    64 |   108 |    28 |       |       |       |       ||   260
       Leather armour    |       |       |       |       |   128 |     3 |       |       |       ||   131
       Ring mail         |       |       |       |       |       |    64 |   244 |    85 |    28 ||   421
Dodge: Dodged            |    87 |   162 |   244 |   342 |   315 |    53 |   172 |    63 |    16 ||  1454
Block: Buckler           |       |       |       |       |   111 |    38 |    62 |    31 |    11 ||   253
       Reflection        |       |       |       |       |       |     6 |       |       |       ||     6
